Nobbs, lawful female human Valkyrie ----- |...| |...| ------- |...-#######|.....| ---|- #.....<| ## |.....| ### ......| % |...... ### ------- # # ## # ---|-- ### |....| @ |.%..| ##a#|..%.| x...%.. ------ Nobbs the Fighter Experience level: 9 Strength: 18/07 Dexterity: 13 Constitution: 18 Intelligence: 9 Wisdom: 9 Charisma: 10 Health: 0(96) Energy: 21(21) Def: 8 Gold: 1152 Moves: 5475 Dungeon seed: OHZRm0phhiucNQlZ Game ID: Nobbs_1509563671 Your Inventory: Coins $ - 1152 gold pieces Wands i - a wand of magic missile (0:5) m - a wand of probing (0:4) Z - a wand of nothing (0:6) Amulets x - an uncursed amulet of ESP (being worn) Weapons a - the blessed rustproof +1 Excalibur (weapon in hand) b - a +0 dagger Armor e - an uncursed +3 small shield r - a blessed +0 dwarvish iron helm (being worn) y - an uncursed +0 dwarvish mithril-coat (being worn) z - an uncursed +0 dwarvish cloak (being worn) N - an uncursed +0 pair of leather gloves Comestibles f - an uncursed lichen corpse p - an uncursed candy bar B - 3 uncursed fortune cookies G - an uncursed tripe ration H - 4 uncursed food rations P - an uncursed banana U - an uncursed lembas wafer Scrolls o - a blessed scroll of magic mapping C - a blessed scroll of stinking cloud D - 2 uncursed scrolls of enchant weapon I - 2 uncursed scrolls of identify J - an uncursed scroll of scare monster M - an uncursed scroll of amnesia R - an uncursed scroll of confuse monster T - an uncursed scroll of gold detection W - a blessed scroll of enchant armor X - 2 uncursed scrolls of create monster Y - an uncursed scroll of stinking cloud Potions c - an uncursed potion of object detection d - an uncursed potion of extra healing g - 2 uncursed potions of booze h - 2 uncursed potions of sickness j - a blessed potion of blindness k - an uncursed potion of water l - an uncursed potion of speed u - an uncursed potion of see invisible w - a potion of holy water E - an uncursed potion of fruit juice F - an uncursed potion of gain level L - an uncursed potion of oil Q - a blessed potion of gain energy S - 3 uncursed potions of confusion V - 2 uncursed potions of invisibility Rings q - an uncursed ring of protection from shape changers K - a cursed ring of aggravate monster O - an uncursed ring of searching Tools n - an uncursed bag of holding s - an uncursed oil lamp (0:1397) t - an uncursed blindfold v - an uncursed tallow candle (0:200) A - an uncursed lock pick Contents of the bag of holding: 971 gold pieces Spells and supernatural/magical abilities: Name Level Category Fail Memory W - pray for help -- divine ? -- Your skills at the end: Fighting Skills Weapon Skills dagger [Basic] long sword [Basic] Spellcasting Skills Final Attributes: You were piously aligned. You were cold resistant. You were level-drain resistant. You were telepathic. You had automatic searching. You were stealthy. You were fast. You are dead. Vanquished creatures: a ghost a queen bee a giant mimic 2 large mimics a long worm a small mimic a giant beetle a wolf a forest centaur 2 gnome kings a dog a plains centaur 2 water moccasins an ape 8 bugbears an imp an Uruk-hai an orc shaman a fog cloud a yellow light a shrieker 9 gnome lords 5 gnomish wizards a kobold mummy a gray ooze an elf zombie a paper golem a little dog 2 floating eyes 2 dwarves 2 homunculi a hill orc 6 rothes a rabid rat a centipede 2 giant bats 5 monkeys 3 dwarf zombies a werejackal 2 iguanas 18 killer bees 2 coyotes 3 gas spores a hobbit a manes 2 large kobolds 4 hobgoblins 3 giant rats 6 cave spiders 2 brown molds a yellow mold 2 green molds a red mold 33 gnomes 3 gnome zombies 4 geckos 6 jackals a fox a kobold 4 goblins a sewer rat 2 grid bugs 6 lichens 3 kobold zombies 6 newts 194 creatures vanquished. Voluntary challenges: You used a wielded weapon 242 times, starting on turn 3. You read items or engraved 3 times, starting on turn 1669. You never genocided any monsters. You never polymorphed an object. You never changed form. You used no wishes. You never split a pudding. You wrote Elbereth's name 3 times, starting on turn 1669. You never violated your personal moral code. Dungeon overview: The Dungeons of Doom: levels 1 to 16 Level 1 a fountain a long staircase Level 2 an altar to Tyr stairs to The Gnomish Mines Level 3 a sink Level 4 a general store Level 5 a fountain Level 6 a fountain Level 7 a fountain Level 8 many fountains Level 9 a long staircase Level 10 a delicatessen, a fountain Level 11 a fountain Level 12 some fountains Level 13 Level 14 a general store, a fountain Level 15 Level 16 <- You were here The Gnomish Mines: levels 3 to 6 Level 3 stairs to The Dungeons of Doom Level 4 Level 5 Level 6 some shops, a temple to Tyr, some fountains, a sink History has recorded: On T:1 you entered the Dungeons of Doom to retrieve the Amulet of Yendor! On T:59 you reached level 2 of The Dungeons of Doom. On T:255 you advanced to experience level 2. On T:260 you reached level 3 of The Dungeons of Doom. On T:473 you reached level 1 of The Gnomish Mines. On T:476 you advanced to experience level 3. On T:490 you reached level 2 of The Gnomish Mines. On T:551 you advanced to experience level 4. On T:891 you reached level 3 of The Gnomish Mines. On T:1004 you advanced to experience level 5. On T:1242 you reached level 4 of The Gnomish Mines. On T:1454 you advanced to experience level 6. On T:2719 you reached level 4 of The Dungeons of Doom. On T:2894 you reached level 5 of The Dungeons of Doom. On T:2945 you advanced to experience level 7. On T:3476 you reached level 6 of The Dungeons of Doom. On T:3731 you reached level 7 of The Dungeons of Doom. On T:3922 you reached level 8 of The Dungeons of Doom. On T:4039 you reached level 9 of The Dungeons of Doom. On T:4114 you reached level 10 of The Dungeons of Doom. On T:4210 you advanced to experience level 8. On T:4394 you reached level 11 of The Dungeons of Doom. On T:4814 you reached level 12 of The Dungeons of Doom. On T:4933 you reached level 13 of The Dungeons of Doom. On T:5061 you reached level 14 of The Dungeons of Doom. On T:5116 you advanced to experience level 9. On T:5165 you reached level 15 of The Dungeons of Doom. On T:5385 you reached level 16 of The Dungeons of Doom. Score breakdown: Gold: 2123 (11317 points) Experience: 9 levels (15756 points) Exploration: 16 levels ( 32.00%) (16598 points) Discoveries: 10 items ( 4.07%) ( 6048 points) Valuables value: (no points given unless you survive) Artifact value: 4000 (12253 points) Variety of kills: 65 monsters ( 17.06%) (12391 points) Turncount: 5475 turns (-1488 points) Survival: died (score multiplied by 80%) Total score: 58300 Latest messages: The queen bee stings! (2x) You miss the queen bee. The queen bee stings! (2x) You hit the queen bee! The queen bee stings! You miss the queen bee. The queen bee stings! (3x) You miss the queen bee. The queen bee stings! (2x) You hit the queen bee! The queen bee stings! You hit the queen bee! The queen bee stings! You miss the queen bee. The queen bee stings! (2x) You miss the queen bee. The queen bee stings! (2x) You miss the queen bee. The queen bee stings! (2x) You hit the queen bee! The queen bee stings! You die... Final status: Farvel Nobbs the Valkyrie, killed by a queen bee... You died in The Dungeons of Doom on dungeon level 16 with 58300 points, and 2123 pieces of gold, after 5475 moves. You were level 9 with a maximum of 96 hit points when you died.